 Dungeon Crawl Stone Soup version 0.31.0-11-ge490571c62 (webtiles) character file.

Game seed: 6297407817861373763

100 bearlyready the Cudgeller (level 4, -2/48 HPs)
             Began as an Oni Berserker on Feb 3, 2024.
             Was a Believer of Trog.
             Slain by a goblin
             ... wielding a +0 dagger
             ... led by Robin
              (3 damage)
             ... on level 2 of the Dungeon.
             The game lasted 00:01:42 (1689 turns).

bearlyready the Cudgeller (Oni Berserker)           Turns: 1689, Time: 00:01:42

Health: -2/48      AC:  3    Str: 23    XL:     4   Next: 74%
Magic:  4/4        EV: 10    Int:  8    God:    Trog [**....]
Gold:   43         SH:  0    Dex:  8    Spells: 3/3 levels left

rFire   . . .        a - +0 mace
rCold   . . .        (no shield)
rNeg    . . .        b - +0 animal skin
rPois   .            (helmet restricted)
rElec   .            (no cloak)
rCorr   .            (gloves unavailable)
SInv    .            (boots unavailable)
Will    .....        (no amulet)
Stlth   +            (no ring)
HPRegen 0.28/turn    (no ring)
MPRegen 0.09/turn

%: no passive effects
@: on berserk cooldown, slowed, very slow
A: large, unfitting armour, horns 1, tough skin 1, double potion healing,
drunken brawling
a: Renounce Religion, Berserk, Trog's Hand


You were on level 2 of the Dungeon.
You worshipped Trog.
Trog was pleased with you.
You visited 1 branch of the dungeon, and saw 2 of its levels.

You collected 43 gold pieces.

Inventory:

Hand Weapons
 a - a +0 mace (weapon)
Armour
 b - a +0 animal skin (worn)
Scrolls
 c - 2 scrolls of teleportation {unknown}
 g - a scroll of acquirement {unknown}
 h - a scroll of immolation {unknown}
 i - a scroll of identify {unknown}
 j - a scroll of brand weapon {unknown}
 k - 2 scrolls of fear {unknown}
 l - a scroll of noise {unknown}
Potions
 d - a potion of degeneration {unknown}
 e - a potion of brilliance {unknown}
 f - a potion of enlightenment {unknown}


   Skills:
 - Level 4.0 Fighting
 + Level 5.3 Maces & Flails
 - Level 2.6 Dodging


You had 3 spell levels left.
You didn't know any spells.
Your spell library was empty.

Dungeon Overview and Level Annotations

Branches:
Dungeon (2/15)

Altars:


Innate Abilities, Weirdness & Mutations

You are too large for most types of armour.
You have a pair of small horns on your head.
You have tough skin. (AC +1)
You gain doubled healing and magic from potions.
Whenever you drink a healing potion, you attack all around you.


Message History

Robin is heavily wounded.
You sock Robin!
You kill Robin!
Trog accepts your kill. The goblin hits you with a +0 club.
* * * LOW HITPOINT WARNING * * *
The goblin closely misses you. The goblin misses you.
You hit the hobgoblin.
You kill the hobgoblin!
Trog accepts your kill.
The goblin barely misses you. x2; The goblin hits you but does no damage.
Found a stone staircase leading down.
The goblin attacks as it pursues you! The goblin barely misses you.
Items here: ) [[ †.
You closely miss the goblin. You hit the goblin.
Your headbutt misses the goblin.
The goblin is heavily wounded.
The goblin completely misses you.
You closely miss the goblin.
The goblin is heavily wounded.
The goblin hits you with a +0 club.
* * * LOW HITPOINT WARNING * * *
You thump the goblin!
You kill the goblin!
Trog accepts your kill.
You closely miss the hobgoblin. The hobgoblin barely misses you.
You sock the hobgoblin!
You kill the hobgoblin!
Trog accepts your kill.
You are no longer berserk.
You are exhausted.
You feel yourself slow down. The goblin barely misses you.
The goblin closely misses you.
You see here a +0 club.
You closely miss the goblin. The goblin hits you with a +0 dagger.
* * * LOW HITPOINT WARNING * * *
The goblin hits you with a +0 dagger.
* * * LOW HITPOINT WARNING * * *
The goblin barely misses you. The goblin hits you with a +0 dagger.
You die...

#.## ##.............#
##.## ##.##
##..........#..## ###
##.###.#########.#..##
##.........#
#.#...#######
#..######.#
#.#...)...... #..# #.#
#>#...#######
#..######.####.#.### #
#..##..).gg....#.#
#..##.###@######. #.##
#)# #. ..# #?# #. ...
#.... ...... #.......
........# ###....>##


You could see 2 goblins.

Vanquished Creatures
  Robin (D:2)
  2 gnolls (D:1)
  An adder (D:2)
  2 dart slugs
  A ribbon worm (D:2)
  6 ball pythons
  5 endoplasms
  3 giant cockroaches
  10 goblins
  4 hobgoblins
  2 jackals (D:2)
  6 kobolds
  A quokka (D:1)
  A bat (D:1)
  5 frilled lizards
  2 rats
52 creatures vanquished.

Vanquished Creatures (others)
  A ribbon worm (D:2)
1 creature vanquished.

Grand Total: 53 creatures vanquished

Notes
Turn   | Place    | Note
-------+----------+-------------------------------------------
     0 | D:1      | bearlyready the Oni Berserker began the quest for the Orb.
     0 | D:1      | Reached XP level 1. HP: 24/24 MP: 1/1
   308 | D:1      | Reached XP level 2. HP: 30/32 MP: 2/2
   311 | D:1      | Reached skill level 4 in Maces & Flails
   505 | D:1      | Reached XP level 3. HP: 25/39 MP: 3/3
  1141 | D:2      | Reached ** piety under Trog
  1236 | D:2      | Reached XP level 4. HP: 44/48 MP: 4/4
  1340 | D:2      | Reached skill level 5 in Maces & Flails
  1668 | D:2      | Noticed Robin
  1679 | D:2      | Killed Robin
  1689 | D:2      | HP: 1/48 [goblin/+0 dagger[Robin] (3)]
  1689 | D:2      | Slain by a goblin

Illustrated notes

Levels and vault maps discovered:
D:1:      matt_arrival_diagonals, layout_basic, chequers_serial_rivers_micro_e
D:2:      layout_loops_ring, lemuel_flame_loot_1, uniq_robin,
          uniq_crazy_yiuf_cottage

Skill      XL: |  1  2  3  4 |
---------------+-------------+-----
Maces & Flails | 4 5 |  5.3
Fighting       | |  4.0
Dodging        | |  2.6

Action                     |  1- 3 |  4- 6 || total
---------------------------+-------+-------++-------
  Melee: Mace              |    77 |    70 ||   147
         Headbutt          |    10 |     3 ||    13
         Punch             |     1 |     1 ||     2
 Invoke: Berserk           |     2 |     1 ||     3
 Armour: Animal skin       |    57 |    69 ||   126
  Dodge: Dodged            |    26 |    44 ||    70
